 Dungeon Crawl Stone Soup version 0.24-a0-496-gbe733cd003 (webtiles) character file.

Game seed: 2459458237449626100

59 Akello the Skirmisher (level 4, -1/40 HPs)
             Began as a Hill Orc Fighter on July 12, 2019.
             Killed by divine providence
             ... invoked by an orc priest
              (9 damage)
             ... on level 3 of the Dungeon.
             The game lasted 00:02:07 (1814 turns).

Akello the Skirmisher (Hill Orc Fighter)            Turns: 1814, Time: 00:02:08

Health: -1/40      AC:  7    Str: 19    XL:     4   Next: 3%
Magic:  4/4        EV:  7    Int: 13    God:
Gold:   103        SH:  9    Dex: 10    Spells: 3/3 levels left

rFire    . . .     SeeInvis .   a - +0 war axe
rCold    . . .     Gourm    .   c - +0 shield
rNeg     . . .     Faith    .   b - +0 scale mail
rPois    .         Spirit   .   (no helmet)
rElec    .         Reflect  .   (no cloak)
rCorr    .         Harm     .   (no gloves)
MR       .....                  (no boots)
Stlth    ..........             (no amulet)
HPRegen  0.13/turn              l - ring of wizardry
MPRegen  0.09/turn              (no ring)

@: brilliant
A: no striking features
a: Convert to Beogh


You were on level 3 of the Dungeon.
You were not hungry.

You visited 1 branch of the dungeon, and saw 3 of its levels.

You collected 103 gold pieces.

Inventory:

Hand Weapons
 a - a +0 war axe (weapon)
Missiles
 j - 7 boomerangs (quivered)
Armour
 b - a +0 scale mail (worn)
 c - a +0 shield (worn)
Jewellery
 l - a ring of wizardry (left hand)
Scrolls
 g - 2 scrolls of identify {unknown}
 h - 2 scrolls of fear {unknown}
 i - a scroll of immolation {unknown}
 k - 2 scrolls of noise {unknown}
 m - 3 scrolls of enchant weapon {unknown}
 n - a scroll of magic mapping {unknown}
Potions
 d - a potion of might
Comestibles
 f - 2 rations


   Skills:
 + Level 4.2 Fighting
 + Level 3.7 Axes
 + Level 3.8 Armour
 + Level 3.8 Shields


You had 3 spell levels left.
You didn't know any spells.
Your spell library was empty.

Dungeon Overview and Level Annotations

Branches:
Dungeon (3/15)

Altars:


Message History

The orc hits you with a +0 falchion.
* * * LOW HITPOINT WARNING * * *
The orc priest hits you with a cursed -2 hand axe.
* * * LOW HITPOINT WARNING * * *
Your shield prevents you from hitting the orc priest.
The orc priest is heavily wounded.
You hit the orc. The orc hits you with a +0 falchion.
* * * LOW HITPOINT WARNING * * *
You block the orc priest's attack. The orc hits you but does no damage.
Unknown command.
You closely miss the orc priest.
The orc priest is heavily wounded.
You closely miss the orc. You block the orc priest's attack.
The orc hits you but does no damage.
You hit the orc priest.
The orc priest is severely wounded.
You hit the orc.
The orc priest invokes the aid of Beogh against you.
Beogh smites you!
You die...

... ... ...
#.# #o# #o#
#######.#
#.....#.#
#.###@#.#
###<###oo.#
#.........#
#.#######.#
#. ..# #
###


You could see an orc priest and an orc.

Vanquished Creatures
  An ooze (D:1)
  An orc (D:3)
  2 giant cockroaches
  9 goblins
  6 hobgoblins
  4 jackals (D:2)
  6 kobolds
  A quokka (D:2)
  A ball python (D:1)
  8 bats
  2 frilled lizards
  7 rats
48 creatures vanquished.

Notes
Turn   | Place    | Note
-------+----------+-------------------------------------------
     0 | D:1      | Akello the Hill Orc Fighter began the quest for the Orb.
     0 | D:1      | Reached XP level 1. HP: 19/19 MP: 1/1
   223 | D:1      | Reached XP level 2. HP: 27/27 MP: 2/2
   675 | D:1      | Reached skill level 4 in Fighting
   889 | D:2      | Reached XP level 3. HP: 33/33 MP: 3/3
  1788 | D:3      | Reached XP level 4. HP: 40/40 MP: 4/4
  1814 | D:3      | Killed from afar by an orc priest

Levels and vault maps discovered:
D:1:      lightli_arrival_chessboard, layout_loops_ring
D:2:      layout_basic, hangedman_abyss_or_decor_stabs,
          kennysheep_generic_room_2
D:3:      layout_basic, first_ration, brannock_xom_greatest_gift

Skill      XL: |  1  2 |
---------------+-------+-----
Axes           | 3 |  3.7
Fighting       | 4 |  4.2
Armour         | |  3.8
Shields        | |  3.8

Action                   |  1- 3 |  4- 6 || total
-------------------------+-------+-------++-------
Melee: War axe           |   114 |     9 ||   123
  Use: Potion            |       |     1 ||     1
  Eat: Chunk             |     1 |       ||     1
       Ration            |       |     1 ||     1
Armor: Scale mail        |    55 |     4 ||    59
Dodge: Dodged            |    52 |       ||    52
Block: Shield            |    74 |     7 ||    81

Table legend:
 A = Non-vault XP
 B = Vault XP
 C = Vault XP percentage of total XP
 D = Non-vault monster count
 E = Vault monster count
 F = Vault count percentage of total count
                 A         B        C        D         E       F
            +---------+---------+-------+---------+---------+-------
      Total |      84 |       1 |   1.2 |      47 |       1 |   2.1
            +---------+---------+-------+---------+---------+-------
        D:1 |      32 |       0 |   0.0 |      17 |       0 |   0.0
        D:2 |      48 |       1 |   2.0 |      28 |       1 |   3.4
        D:3 |       4 |       0 |   0.0 |       2 |       0 |   0.0
            +---------+---------+-------+---------+---------+-------
